 Dungeon Crawl Stone Soup version 0.19.1-1-g22dce08 (webtiles) character file.

204911 jab2412 the Fencer (level 18, -15/160 HPs)
             Began as a Minotaur Fighter on Jan 1, 2017.
             Was the Champion of Makhleb.
             Killed from afar by a deep elf high priest (29 damage)
             ... with damnation
             ... on level 3 of the Elven Halls.
             The game lasted 01:38:04 (27531 turns).

jab2412 the Fencer (Minotaur Fighter)              Turns: 27531, Time: 01:38:05

Health: -15/160    AC: 29    Str: 31    XL:     18   Next: 2%
Magic:  25/25      EV: 15    Int:  9    God:    Makhleb [******]
Gold:   2158       SH: 24    Dex: 16    Spells: 0 memorised, 21 levels left

rFire  x . .     SeeInvis .     w - +3 double sword (drain)
rCold  + + .     Gourm    +     C - +4 ice dragon scales
rNeg   + . .     Faith    .     l - +1 large shield {rN+}
rPois  .         Spirit   .     (helmet restricted)
rElec  .         Reflect  .     V - +1 cloak "Liulofyst" {Dex+3}
rCorr  .         Harm     .     S - +1 pair of gloves {Str+3}
MR     ++...                    m - +0 pair of boots of the Greedy {Str+6}
Stlth  ..........               H - amulet of the gourmand
                                J - +5 ring of protection
                                M - ring of protection from magic

@: lethally poisoned (-15 -> -21), slowed, drained, very slow
A: retaliatory headbutt, horns 2, blurry vision 1
a: Minor Destruction, Lesser Servant of Makhleb, Major Destruction, Greater
Servant of Makhleb, Renounce Religion
}: 1/15 runes: gossamer


You were on level 3 of the Elven Halls.
You worshipped Makhleb.
Makhleb was exalted by your worship.
You were not hungry.

You visited 5 branches of the dungeon, and saw 27 of its levels.

You collected 3245 gold pieces.
You spent 1087 gold pieces at shops.

Inventory:

Hand Weapons
 w - a +3 double sword of draining (weapon)
 x - the +5 falchion of Instant Death {slice, rC+ Str+2}
   (You found it on level 7 of the Dungeon)

   It inflicts extra damage upon your enemies.
   It affects your strength (+2).
   It protects you from cold.
 y - the +2 long sword "Iniecej" {slice, *Contam rF+ Dex+6}
   (You found it on level 6 of the Lair of Beasts)

   It inflicts extra damage upon your enemies.
   It affects your dexterity (+6).
   It protects you from fire.
   It causes magical contamination when unequipped.
 P - the +5 long sword of Undoing {freeze, *Slow Str+9}
   (You bought it in a shop on level 2 of the Orcish Mines)

   It has been specially enchanted to freeze those struck by it, causing extra
   injury to most foes and up to half again as much damage against particularly
   susceptible opponents.
   It can also slow down cold-blooded creatures.
   It affects your strength (+9).
   It may slow you when you take damage.
 Q - a +3 scimitar of freezing
 Y - a +5 scimitar of flaming
Armour
 a - the +0 leather armour of Qazlal's Outrage {Str+2}
   (You found it on level 1 of the Elven Halls)

   It affects your strength (+2).
 l - a +1 large shield of positive energy (worn)
 m - the +0 pair of boots of the Greedy (worn) {Str+6}
   (You bought it in a shop on level 2 of the Orcish Mines)

   It affects your strength (+6).
 v - the +3 hat of Pondering {ponderous, MR+ MP+10 Int+5}
   (You took it off Gastronok on level 1 of the Lair of Beasts)

   It affects your intelligence (+5).
   It affects your resistance to hostile enchantments.
   It affects your magic capacity (+10).
 C - +4 ice dragon scales (worn)
 S - a +1 pair of gloves of strength (worn)
 V - the +1 cloak "Liulofyst" (worn) {Dex+3}
   (You bought it in a shop on level 8 of the Dungeon)

   It affects your dexterity (+3).
Jewellery
 e - an uncursed ring of positive energy
 i - an uncursed ring of poison resistance
 n - an uncursed ring of fire
 o - a +6 ring of strength
 H - an amulet of the gourmand (around neck)
 J - a +5 ring of protection (right hand)
 M - a ring of protection from magic (left hand)
Wands
 u - a wand of paralysis (18/24)
 B - a wand of slowing (19/48)
 K - a wand of hasting (5/9)
 N - a wand of disintegration (13/24)
 U - a wand of hasting (5/9)
Scrolls
 b - a scroll of brand weapon
 p - 3 scrolls of remove curse
 r - 8 scrolls of teleportation
 t - 5 scrolls of recharging
 D - 3 scrolls of fear
 E - 3 scrolls of fog
 F - 7 scrolls of enchant weapon
 R - 4 scrolls of magic mapping
 T - 13 scrolls of identify
 X - 3 scrolls of blinking
Potions
 d - 6 potions of might
 g - a potion of agility
 h - 3 potions of flight
 j - 12 potions of ambrosia
 G - 2 potions of cancellation
 L - 3 potions of invisibility
 O - 3 potions of curing
 W - 2 potions of berserk rage
 Z - 4 potions of brilliance
Books
 c - a book of Frost

   Spells                             Type                      Level
   a - Freeze                         Ice                          1
   b - Throw Frost                    Conjuration/Ice              2
   c - Ozocubu's Armour               Charms/Ice                   3
   d - Throw Icicle                   Conjuration/Ice              4
   e - Summon Ice Beast               Ice/Summoning                4
 A - a book of Changes

   Spells                             Type                      Level
   a - Beastly Appendage              Transmutation                1
   b - Sticks to Snakes               Transmutation                2
   c - Spider Form                    Transmutation/Poison         3
   d - Ice Form                       Ice/Transmutation            4
   e - Blade Hands                    Transmutation                5
Comestibles
 f - 17 bread rations
 k - 35 fruits
 s - 13 meat rations
 z - 4 beef jerkies
 I - 4 slices of pizza


   Skills:
 + Level 14.2(13.2) Fighting
 * Level 18.9(17.8) Long Blades
   Level 7.3(8.1) Axes
   Level 8.0(8.7) Polearms
   Level 3.0(5.1) Staves
 + Level 12.6(11.6) Armour
 + Level 10.5(9.6) Dodging
 + Level 2.1(1.4) Stealth
 + Level 18.0(17.0) Shields
 + Level 2.3(1.6) Spellcasting
 * Level 11.2(10.3) Invocations
 + Level 2.1(1.4) Evocations


You had 21 spell levels left.
You didn't know any spells.

Dungeon Overview and Level Annotations

Branches:
Dungeon (12/15)            Temple (0/1) D:7            Lair (6/6) D:10
 Shoals (0/4) Lair:3       Spider (4/4) Lair:2        Slime (0/5) Lair:5
    Orc (2/2) D:12            Elf (3/3) Orc:2

Altars:
Dithmenos
Elyvilon
Fedhas
Makhleb
Nemelex Xobeh
Okawaru
Ru
Sif Muna
Uskayaw
Xom
Zin
The Shining One

Shops:
D:8 [   Orc:2 ::[*(   Elf:2 *   Elf:3 !

Annotations:
Lair:2 exclusion: oklob plant


Innate Abilities, Weirdness & Mutations

You reflexively headbutt those who attack you in melee.
You have a pair of horns on your head.
Scrolls take you a little longer to read.


Message History

You block the deep elf blademaster's attack.
The deep elf blademaster hits you but does no damage.
The deep elf elementalist casts a spell at you.
The fireball explodes!
The fireball engulfs you! The fire burns you terribly!
* * * LOW HITPOINT WARNING * * *
The fireball engulfs the deep elf blademaster.
The deep elf blademaster dies!
The deep elf mage mumbles some strange words.
The deep elf mage blinks!
The deep elf demonologist casts a spell.
You hear a shout! x4
A deep elf death mage comes into view.
It is wielding a fine morningstar {crush}.
A demon appears!
You feel sick.
The deep elf elementalist seems less brilliant.
The deep elf blademaster hits you but does no damage.
You block the deep elf blademaster's attack.
The deep elf elementalist is empowered by the deep elf high priest's aura!
The deep elf high priest invokes the aid of its god against you.
The sphere of damnation explodes!
The damnation engulfs you!
You die...

#. ### ..
#### ###'###
####
.......###8##
..)...######
#e...#######
#e2..###8###
#@# ##e##


#eeE# #..⌠..'...# #.1..##....# #e...## ...# #e8.### ..# ):§.# .' [[[## # You
could see a Hell Sentinel, 2 deep elf blademasters, 2 deep elf death magi, a
deep elf elementalist, a deep elf demonologist, a deep elf high priest, an air
elemental and a friendly balrug.

Vanquished Creatures
  Gastronok (Lair:1)
  The ghost of cheese the Axe Maniac, an adept MiBe of Trog (Elf:3)
  Kirke (Elf:1)
  Agnes (Orc:2)
  The ghost of paradoxae the Victor of a Thousand Battles, an adept DsFi of Okawaru (Elf:2)
  2 orc warlords
  5 ghost moths
  6 emperor scorpions (Spider:4)
  3 deep elf sorcerers (Elf:3)
  A deep elf elementalist (Elf:3)
  2 entropy weavers
  A stone giant (D:12)
  Nessos (Orc:2)
  A deep elf annihilator (Elf:3)
  The ghost of Owly the Spear-Bearer, a journeyman MfFi of Ashenzari (Lair:3)
  Snorg (Lair:3)
  4 deep elf death magi
  Josephine (D:12)
  Fannar (Lair:3)
  Harold (Lair:1)
  2 catoblepae
  5 hydras
  A centaur warrior (Orc:2)
  Erica (D:8)
  A deep troll shaman (Lair:6)
  21 dancing weapons
  4 death yaks (Lair:6)
  2 orc high priests
  13 deep elf knights
  Nergalle (Lair:1)
  The ghost of Spectrina the Twirler, a novice FoFi of Vehumet (D:9)
  A wizard (D:11)
  5 deep elf archers
  A lindwurm (Lair:6)
  7 orc knights
  Pikel (D:6)
  2 hill giants (D:11)
  40 deep elf magi
  25 orb spiders
  A wolf spider zombie (D:12)
  27 wolf spiders
  2 moths of wrath
  3 orc sorcerers
  2 sirens (Lair:3)
  2 manticores
  A cyclops (D:11)
  Maurice (D:12)
  3 black mambas
  4 elephants (Lair:6)
  2 centaur zombies (D:12)
  A black mamba (shapeshifter) (Elf:3)
  Psyche (D:8)
  13 spiny frogs
  2 rime drakes
  4 komodo dragons
  6 demonic crawlers
  2 merfolk (Lair:3)
  2 polar bears (Lair:6)
  5 trolls
  31 jumping spiders
  2 hornets (Spider:2)
  Prince Ribbit (D:6)
  A two-headed ogre (D:11)
  Grinder (D:5)
  2 slime creatures (Lair:5)
  6 dream sheep (Lair:6)
  9 blink frogs
  9 hippogriffs
  3 air elementals
  84 redbacks
  A spriggan (Lair:4)
  A shadow (D:11)
  Eustachio (D:5)
  Sigmund (D:3)
  A water elemental (Elf:1)
  5 wraiths
  2 hungry ghosts
  22 tarantellas
  5 fire elementals
  42 yaks
  Menkaure (D:7)
  The ghost of KrombopulosMichael the Chopper, an amateur OpMo (D:4)
  4 vampire mosquitoes (D:12)
  2 wargs
  A mottled dragon (D:12)
  18 water moccasins
  6 porcupines
  3 sky beasts
  3 black bears
  41 orc warriors
  An ice beast (D:9)
  8 ogres
  5 necrophages
  22 wolves
  16 centaurs
  8 crocodiles
  A big kobold (D:11)
  7 bullfrogs
  3 earth elementals
  A water moccasin zombie (D:12)
  4 scorpions
  18 wights
  An electric eel (Lair:1)
  4 crimson imps
  6 hounds
  15 orc wizards
  12 orc priests
  Crazy Yiuf (D:3)
  4 jellies
  4 bullfrog skeletons
  A centaur skeleton (D:7)
  Ijyb (D:3)
  3 iguanas
  2 hell rats (D:10)
  9 worker ants
  2 hound skeletons
  2 worker ant zombies
  11 gnolls
  16 adders
  A river rat (D:3)
  3 shadow imps
  An adder zombie (D:8)
  An adder skeleton (D:6)
  4 worms
  3 dart slugs
  8 leopard geckos
  65 orcs
  8 bats
  3 giant cockroaches
  9 goblins
  5 hobgoblins
  16 jackals
  4 kobolds
  3 quokkas
  10 frilled lizards
  A quokka zombie (D:7)
  10 rats
  2 crawling corpses (Elf:3)
  4 fungi (D:3)
913 creatures vanquished.

Vanquished Creatures (collateral kills)
  2 orc knights (Orc:2)
  3 orc warriors (Orc:2)
  2 centaurs (Orc:2)
7 creatures vanquished.

Vanquished Creatures (others)
  A deep elf blademaster (Elf:3)
  A deep elf annihilator (Elf:3)
  A deep elf knight (Elf:2)
  3 humans (Elf:1)
  4 slaves
  2 orc wizards
  A leopard gecko (D:9)
  An orc (D:6)
  3 fungi (Lair:6)
  3 plants (Lair:6)
20 creatures vanquished.

Grand Total: 940 creatures vanquished

Notes
Turn   | Place    | Note
-------+----------+-------------------------------------------
     0 | D:1      | jab2412 the Minotaur Fighter began the quest for the Orb.
     0 | D:1      | Reached XP level 1. HP: 19/19 MP: 0/0
   303 | D:1      | Reached XP level 2. HP: 27/27 MP: 1/1
  1103 | D:2      | Found a burning altar of Makhleb.
  1111 | D:2      | Reached XP level 3. HP: 27/33 MP: 2/2
  1121 | D:2      | Became a worshipper of Makhleb the Destroyer
  1200 | D:2      | Reached XP level 4. HP: 38/40 MP: 3/3
  1850 | D:3      | Noticed an ogre
  2118 | D:3      | Killed an ogre
  2118 | D:3      | Reached skill level 1 in Dodging
  2118 | D:3      | Reached XP level 5. HP: 28/46 MP: 4/4
  2151 | D:3      | Reached skill level 5 in Axes
  2189 | D:3      | Noticed Sigmund
  2442 | D:3      | Killed Sigmund
  2442 | D:3      | Reached XP level 6. HP: 49/53 MP: 5/5
  2610 | D:3      | Reached * piety under Makhleb
  2895 | D:3      | Noticed a hippogriff
  2910 | D:3      | Killed a hippogriff
  2910 | D:3      | Reached skill level 5 in Armour
  2910 | D:3      | Reached XP level 7. HP: 35/60 MP: 6/6
  2945 | D:3      | Noticed Ijyb
  2956 | D:3      | Killed Ijyb
  3084 | D:3      | Found a sacrificial altar of Ru.
  3395 | D:3      | Found a runed door.
  3399 | D:3      | Noticed Crazy Yiuf
  3403 | D:3      | Killed Crazy Yiuf
  3403 | D:3      | Reached skill level 5 in Shields
  3556 | D:4      | Found a glowing silver altar of Zin.
  3559 | D:4      | Found a glowing golden altar of the Shining One.
  3562 | D:4      | Found a white marble altar of Elyvilon.
  3790 | D:4      | Reached skill level 1 in Staves
  3804 | D:4      | Noticed KrombopulosMichael's ghost (amateur OpMo)
  3979 | D:4      | Killed KrombopulosMichael's ghost
  3979 | D:4      | Reached skill level 5 in Fighting
  4174 | D:5      | Entered Level 5 of the Dungeon
  4174 | D:5      | Noticed Eustachio
  4188 | D:4      | Reached skill level 1 in Polearms
  4266 | D:5      | Reached XP level 8. HP: 64/68 MP: 7/7
  4295 | D:5      | Killed Eustachio
  4414 | D:5      | Reached ** piety under Makhleb
  4689 | D:5      | Noticed Grinder
  4692 | D:5      | Paralysed by Grinder for 2 turns
  4704 | D:5      | Killed Grinder
  4956 | D:6      | Reached skill level 5 in Polearms
  4994 | D:6      | Found a shadowy altar of Dithmenos.
  4999 | D:6      | Found an iron altar of Okawaru.
  5009 | D:6      | Found a deep blue altar of Sif Muna.
  5009 | D:6      | Found a sparkling altar of Nemelex Xobeh.
  5009 | D:6      | Found a sacrificial altar of Ru.
  5009 | D:6      | Found a shimmering altar of Xom.
  5011 | D:6      | Found a hide-covered altar of Uskayaw.
  5132 | D:6      | Noticed Pikel
  5162 | D:6      | Killed Pikel
  5162 | D:6      | Reached skill level 1 in Stealth
  5162 | D:6      | Reached XP level 9. HP: 58/75 MP: 8/8
  5283 | D:6      | Noticed Prince Ribbit
  5707 | D:6      | Killed Prince Ribbit
  5769 | D:7      | Reached *** piety under Makhleb
  5822 | D:7      | Got a slimy falchion
  5837 | D:7      | Identified the +5 falchion of Instant Death {slice, rC+ Str+2} (You found it on level 7 of the Dungeon)
  5871 | D:7      | Noticed Menkaure
  5876 | D:7      | Killed Menkaure
  5903 | D:7      | Found a staircase to the Ecumenical Temple.
  5996 | D:7      | Reached skill level 1 in Long Blades
  6044 | D:7      | You fall through a shaft for 2 floors!
  6089 | D:8      | Found Gucaf's Armour Boutique.
  6100 | D:8      | Bought the +1 cloak "Liulofyst" {Dex+3} for 296 gold pieces
  6188 | D:8      | Noticed Erica
  6203 | D:8      | Killed Erica
  6203 | D:8      | Reached XP level 10. HP: 86/86 MP: 9/9
  6270 | D:8      | Noticed Psyche
  6278 | D:8      | Killed Psyche
  6358 | D:8      | Reached skill level 5 in Long Blades
  6697 | D:7      | Found a blossoming altar of Fedhas.
  6993 | D:9      | Noticed Spectrina's ghost (novice FoFi)
  7035 | D:9      | Killed Spectrina's ghost
  7172 | D:9      | Reached **** piety under Makhleb
  7508 | D:10     | Entered Level 10 of the Dungeon
  7742 | D:10     | Found a staircase to the Lair.
  8161 | Lair:1   | Entered Level 1 of the Lair of Beasts
  8180 | Lair:1   | Reached XP level 11. HP: 83/93 MP: 10/10
  8218 | Lair:1   | Noticed an eight-headed hydra
  8229 | Lair:1   | Noticed Gastronok
  8565 | Lair:1   | Killed a three-headed hydra
  8688 | Lair:1   | Noticed Nergalle
  8703 | Lair:1   | Killed Nergalle
  8818 | Lair:1   | Reached skill level 10 in Long Blades
  8945 | Lair:1   | Killed Gastronok
  8945 | Lair:1   | Reached skill level 10 in Shields
  9388 | Lair:1   | Noticed Harold
  9400 | Lair:1   | Killed Harold
 10036 | Lair:2   | Noticed an oklob plant
 10047 | Lair:2   | Reached skill level 5 in Dodging
 10063 | Lair:2   | Reached ***** piety under Makhleb
 10178 | Lair:2   | Reached XP level 12. HP: 104/104 MP: 11/11
 10200 | Lair:2   | Got a translucent mace
 10201 | Lair:2   | Identified the +1 mace of Sin {venom, rElec rC- SInv} (You found it on level 2 of the Lair of Beasts)
 10363 | Lair:2   | Found a hole to the Spider Nest.
 10651 | Lair:3   | Noticed Snorg
 10667 | Lair:3   | Killed Snorg
 10831 | Lair:3   | Noticed Fannar
 10848 | Lair:3   | Killed Fannar
 10965 | Lair:3   | Reached skill level 10 in Armour
 11033 | Lair:3   | Noticed Owly's ghost (journeyman MfFi)
 11084 | Lair:3   | Killed Owly's ghost
 11170 | Lair:3   | Found a staircase to the Shoals.
 11175 | Lair:3   | Reached skill level 1 in Invocations
 11856 | Lair:4   | Noticed a catoblepas
 11880 | Lair:4   | Killed a catoblepas
 11977 | Lair:4   | Reached skill level 10 in Fighting
 11977 | Lair:4   | Reached XP level 13. HP: 113/113 MP: 12/15
 12530 | Lair:5   | Found a staircase to the Slime Pits.
 12538 | Lair:5   | Reached XP level 14. HP: 115/122 MP: 16/16
 12811 | Lair:5   | Reached skill level 5 in Invocations
 13056 | Lair:6   | Entered Level 6 of the Lair of Beasts
 13067 | Lair:6   | Reached skill level 15 in Long Blades
 13369 | Lair:6   | Reached ****** piety under Makhleb
 13725 | Lair:6   | Got an ichor-stained long sword
 13726 | Lair:6   | Identified the +2 long sword "Iniecej" {slice, *Contam rF+ Dex+6} (You found it on level 6 of the Lair of Beasts)
 13767 | Lair:6   | Gained mutation: Scrolls take you a little longer to read. [mutagenic glow]
 14772 | D:12     | Noticed Josephine
 14780 | D:12     | Killed Josephine
 14897 | D:12     | Found a staircase to the Orcish Mines.
 14960 | D:12     | Noticed Maurice
 14980 | D:12     | Killed Maurice
 15257 | D:12     | Reached XP level 15. HP: 132/132 MP: 19/19
 15336 | Orc:1    | Entered Level 1 of the Orcish Mines
 15356 | Orc:1    | Paralysed by an orc sorcerer for 3 turns
 15684 | Orc:1    | Paralysed by an orc sorcerer for 7 turns
 15988 | Orc:1    | Noticed an orc warlord
 15995 | Orc:1    | Noticed an orc warlord
 16369 | D:12     | Killed an orc warlord
 16708 | D:12     | Paralysed by an orc sorcerer for 3 turns
 16934 | Orc:1    | Killed an orc warlord
 17246 | Orc:2    | Entered Level 2 of the Orcish Mines
 17527 | Orc:2    | Found Efaod's Book Emporium.
 17527 | Orc:2    | Found Efaucarpha's Armour Shop.
 17532 | Orc:2    | Found Ratiraipp's General Store.
 17535 | Orc:2    | Found Pouman's Book Shoppe.
 17576 | Orc:2    | Bought a +1 large shield of positive energy for 216 gold pieces
 17576 | Orc:2    | Bought the cursed +0 pair of boots of the Greedy {Str+6} for 337 gold pieces
 17842 | Orc:2    | Found a staircase to the Elven Halls.
 17883 | Orc:2    | Noticed Nessos
 17909 | Orc:2    | Killed Nessos
 18000 | Orc:2    | Found Opoytel's Antique Weapon Shop.
 18027 | Orc:2    | Bought a blackened long sword for 238 gold pieces
 18033 | Orc:2    | Identified the +5 long sword of Undoing {freeze, *Slow Str+9} (You bought it in a shop on level 2 of the Orcish Mines)
 18643 | Spider:1 | Entered Level 1 of the Spider Nest
 19734 | Spider:2 | Killed a ghost moth
 20546 | Spider:3 | Reached XP level 16. HP: 141/141 MP: 21/21
 20705 | Spider:3 | Reached skill level 15 in Shields
 21212 | Spider:4 | Entered Level 4 of the Spider Nest
 22473 | Spider:4 | Got a gossamer rune of Zot
 22930 | Elf:1    | Entered Level 1 of the Elven Halls
 22931 | Elf:1    | Noticed Agnes
 22965 | Orc:2    | Killed Agnes
 23173 | Elf:1    | Reached XP level 17. HP: 129/150 MP: 23/23
 23435 | Elf:1    | Reached skill level 10 in Invocations
 23548 | Elf:1    | Noticed Kirke
 23558 | Elf:1    | Killed Kirke
 24049 | Elf:1    | Got a bloodstained leather armour
 24060 | Elf:1    | Identified the cursed +0 leather armour of Qazlal's Outrage {Str+2} (You found it on level 1 of the Elven Halls)
 24348 | Elf:1    | Reached skill level 10 in Dodging
 24789 | Elf:2    | Found Kayxtes's Assorted Antiques.
 25095 | Elf:2    | Found a huge runed gate.
 25095 | Elf:2    | Found a huge runed gate.
 25096 | Elf:2    | Found a huge runed gate.
 25279 | Elf:2    | Noticed paradoxae's ghost (adept DsFi)
 25953 | Elf:2    | Killed paradoxae's ghost
 26444 | Elf:3    | Entered Level 3 of the Elven Halls
 26444 | Elf:3    | Noticed cheese's ghost (adept MiBe)
 26560 | Elf:3    | Killed cheese's ghost
 26644 | Elf:3    | Found Boruemm's Distillery.
 27300 | Elf:3    | Reached XP level 18. HP: 160/160 MP: 25/25
 27531 | Elf:3    | Noticed a Hell Sentinel
 27531 | Elf:3    | Killed from afar by a deep elf high priest

Skill      XL: |  1  2  3  4  5  6  7  8  9 10 11 12 13 14 15 16 17 |
---------------+----------------------------------------------------+-----
Armour         | 4 5 7 8 9 10 11 12 | 12.6
Shields        | 4 5 6 7 9 10 11 12 14 16 18 | 18.0
Axes           | 3 4 6 7 |  7.3
Fighting       | 4 5 7 9 10 11 12 13 14 | 14.2
Dodging        | 1 2 3 4 5 6 8 9 10 | 10.5
Staves         | 3 |  3.0
Polearms       | 1 6 8 |  8.0
Stealth        | 1 2 |  2.1
Long Blades    | 4 8 12 14 16 17 18 | 18.9
Invocations    | 4 6 8 9 11 | 11.2
Spellcasting   | 2 |  2.3
Evocations     | 2 |  2.1

Action                   |  1- 3 |  4- 6 |  7- 9 | 10-12 | 13-15 | 16-18 || total
-------------------------+-------+-------+-------+-------+-------+-------++-------
Melee: War axe           |    77 |   109 |    44 |       |       |       ||   230
       Headbutt          |    11 |    10 |    66 |   157 |   407 |   450 ||  1101
       Quarterstaff      |       |       |    27 |       |       |       ||    27
       Spear             |       |       |   247 |       |       |       ||   247
       Falchion          |       |       |    44 |   249 |   765 |  1088 ||  2146
       Scimitar          |       |       |       |   350 |   549 |       ||   899
       Double sword      |       |       |       |       |       |   314 ||   314
Invok: Greater Servant o |       |       |       |       |     2 |     1 ||     3
  Use: Scroll            |       |       |     8 |    21 |     9 |     5 ||    43
       Potion            |       |       |       |     3 |     2 |     8 ||    13
 Stab: Distracted        |       |       |       |       |     2 |       ||     2
  Eat: Chunk             |       |     6 |    18 |    37 |    29 |    21 ||   111
       Pizza             |       |       |     1 |       |       |       ||     1
Armor: Scale mail        |    38 |    41 |    17 |       |       |       ||    96
       Chain mail        |       |       |    14 |       |       |       ||    14
       Plate armour      |       |       |    83 |       |       |       ||    83
       Ice dragon scales |       |       |    55 |   213 |   479 |   601 ||  1348
Dodge: Dodged            |    28 |    53 |    90 |   174 |   441 |   385 ||  1171
Block: Shield            |    45 |    62 |   138 |   290 |   500 |       ||  1035
       Large shield      |       |       |       |       |   466 |  1380 ||  1846
       Rpst.: Falchion   |       |       |     6 |    26 |    48 |    54 ||   134
       Scimitar          |       |       |       |    23 |    43 |       ||    66
       Double sword      |       |       |       |       |       |    19 ||    19
